 Dungeon Crawl Stone Soup version 0.25-a0-277-g7046ed1b37 (webtiles) character file.

Game seed: 2807606687104626173, levelgen mode: deterministic

9 Jindul the Cutter (level 2, 0/21 HPs)
             Began as an Octopode Chaos Knight on Dec 9, 2019.
             Was a Plaything of Xom.
             Slain by a hobgoblin (1 damage)
             ... on level 1 of the Dungeon.
             The game lasted 00:01:54 (146 turns).

Jindul the Cutter (Octopode Chaos Knight)            Turns: 146, Time: 00:01:55

Health: 0/21       AC:  1    Str: 11    XL:     2   Next: 16%
Magic:  2/2        EV: 13    Int: 14    God:    Xom [..*...]
Gold:   11         SH:  0    Dex: 11    Spells: 1/1 levels left

rFire    . . .     SeeInvis .   a - +0 short sword (chaos)
rCold    . . .     Gourm    .   (no shield)
rNeg     . . .     Faith    .   (helmet restricted)
rPois    .         Spirit   .   (no amulet)
rElec    .         Reflect  .   (no ring)
rCorr    .         Harm     .   (no ring)
MR       .....                  (no ring)
Stlth    +++.......             (no ring)
HPRegen  0.07/turn              (no ring)
MPRegen  0.08/turn              (no ring)
                                (no ring)
                                (no ring)

@: no status effects
A: almost no armour, stealthy swim, amphibious, 8 rings, constrict 8, camouflage
1, gelatinous body 1
a: Renounce Religion


You were on level 1 of the Dungeon.
You worshipped Xom.
You were a toy of Xom.
You were not hungry.

You visited 1 branch of the dungeon, and saw 1 of its levels.

You collected 11 gold pieces.

Inventory:

Hand Weapons
 a - a +0 short sword of chaos (weapon)
Scrolls
 c - a scroll of enchant armour {unknown}
 d - a scroll of enchant weapon {unknown}
Potions
 e - 2 potions of berserk rage {unknown}
 f - a potion of flight {unknown}
Comestibles
 b - a ration


   Skills:
 + Level 3.1 Fighting
 + Level 3.1 Short Blades
 + Level 2.5 Dodging
 + Level 1.1 Stealth


You had one spell level left.
You didn't know any spells.
Your spell library was empty.

Dungeon Overview and Level Annotations

Branches:
Dungeon (1/15)

Altars:


Innate Abilities, Weirdness & Mutations

You cannot wear most types of armour.
You are very stealthy in the water. (Stealth+)
You are amphibious.
You can wear up to eight rings at the same time.
You can use your tentacles to constrict eight enemies at once.
Your skin changes colour to match your surroundings (Stealth+).
Your rubbery body absorbs attacks. (AC +1, EV +1)


Message History

You constrict the giant cockroach. The giant cockroach misses you.
You hit the giant cockroach.
You kill the giant cockroach!
You now have 11 gold pieces (gained 4).
A hobgoblin comes into view.
A goblin comes into view. It is wielding a +0 club.
The hobgoblin shouts!
The goblin shouts!
You hit the hobgoblin but do no damage.
The hobgoblin goes berserk!
Xom is highly amused!
You grab the hobgoblin. You constrict the hobgoblin. The hobgoblin hits you.
A rat comes into view.
The hobgoblin barely misses you.
You hit the hobgoblin.
The hobgoblin flickers and vanishes!
Deactivating autopickup; reactivate with Ctrl-A.
You constrict something. Something hits you!
* * * LOW HITPOINT WARNING * * *
You hit something.
Nothing appears to happen.
You constrict something. Something hits you.
You die... "I guess I need a new plaything now."

##.# #.#
##.#####.######.....#
##....†.......#.....#
########.###.... ...#
####.....# #.... ...
......######.## ..
##............## .#
##.#..####.#.#.##%#####.
#.#............@{..g.r.
#.##.####.#.#.##.######
#.#..# #....## .# #.#.##
#.#.## .. #.#.# #...#
### #.#.# ##### ##.#.#
##.#.# .#.#.#


You could see a goblin and a rat.

Vanquished Creatures
  A dart slug (D:1)
  A giant cockroach (D:1)
  A goblin (D:1)
  A hobgoblin (D:1)
  2 kobolds (D:1)
6 creatures vanquished.

Notes
Turn   | Place    | Note
-------+----------+-------------------------------------------
     0 | D:1      | Jindul the Octopode Chaos Knight began the quest for the
                  | Orb.
     0 | D:1      | Reached XP level 1. HP: 16/16 MP: 1/1
    84 | D:1      | Reached skill level 1 in Stealth
    84 | D:1      | Reached XP level 2. HP: 10/21 MP: 2/2
   145 | D:1      | HP: 1/21 [something (7)]
   146 | D:1      | Slain by a hobgoblin

Levels and vault maps discovered:
D:1:      minmay_arrival_loop, layout_loops_ring

Skill      XL: |  1 |
---------------+----+-----
Stealth        | 1 |  1.1
Fighting       | |  3.1
Short Blades   | |  3.1
Dodging        | |  2.5

Action                   || total
-------------------------++-------
Melee: Short sword       ||    14
       Constrict         ||     5
       Tentacles         ||     2
Dodge: Dodged            ||     9

Table legend:
 A = Non-vault XP
 B = Vault XP
 C = Vault XP percentage of total XP
 D = Non-vault monster count
 E = Vault monster count
 F = Vault count percentage of total count
                 A         B        C        D         E       F
            +---------+---------+-------+---------+---------+-------
      Total |      14 |       0 |   0.0 |       6 |       0 |   0.0
            +---------+---------+-------+---------+---------+-------
        D:1 |      14 |       0 |   0.0 |       6 |       0 |   0.0
            +---------+---------+-------+---------+---------+-------
